 Dungeon Crawl Stone Soup version 0.24.0-125-gc4c63601f3 (webtiles) character file.

Game seed: 9186359697462305297, levelgen mode: deterministic

847 H0rd4k the Cutter (level 8, 0/57 HPs)
             Began as a Human Artificer on Feb 24, 2020.
             Killed from afar by an orc wizard (5 damage)
             ... with a magic dart
             ... on level 7 of the Dungeon.
             The game lasted 00:09:21 (4990 turns).

H0rd4k the Cutter (Human Artificer)                 Turns: 4990, Time: 00:09:22

Health: 0/57       AC:  9    Str: 15    XL:     8   Next: 20%
Magic:  10/10      EV: 11    Int: 11    God:
Gold:   325        SH:  0    Dex: 18    Spells: 7/7 levels left

rFire    + . .     SeeInvis .   a - +0 short sword
rCold    + . .     Gourm    +   (no shield)
rNeg     + . .     Faith    .   m - +2 scale mail {rPois}
rPois    +         Spirit   .   (no helmet)
rElec    .         Reflect  .   (no cloak)
rCorr    .         Harm     .   (no gloves)
MR       .....                  (no boots)
Stlth    +.........             h - amulet "Qur Moex" {Gourm rF+ rC+ rN+ Dex+4}
HPRegen  0.19/turn              (no ring)
MPRegen  0.12/turn              (no ring)

@: no status effects
A: no striking features
a: no special abilities


You were on level 7 of the Dungeon.
You were full.

You visited 1 branch of the dungeon, and saw 7 of its levels.

You collected 325 gold pieces.

Inventory:

Hand Weapons
 a - a +0 short sword (weapon)
Armour
 b - a +0 leather armour
 m - a +2 scale mail of poison resistance (worn)
Jewellery
 h - the amulet "Qur Moex" (around neck) {Gourm rF+ rC+ rN+ Dex+4}
   (You found it on level 5 of the Dungeon)

   [amulet of the gourmand]

   It allows you to eat raw meat even when not hungry.
   It affects your dexterity (+4).
   It protects you from fire.
   It protects you from cold.
   It protects you from negative energy.
 q - an uncursed amulet of the gourmand
Wands
 c - a wand of flame (10)
 d - a wand of enslavement (7)
 e - a wand of random effects (7)
 t - a wand of acid (10)
Scrolls
 g - 3 scrolls of teleportation
 j - a scroll of immolation
 k - 4 scrolls of remove curse
 l - a scroll of blinking {unknown}
 n - a scroll of noise {unknown}
 p - a scroll of magic mapping {unknown}
 s - a scroll of amnesia {unknown}
 u - a scroll of enchant armour {unknown}
 x - a scroll of identify
Potions
 i - a potion of curing
 o - 2 potions of flight
 r - a potion of mutation
 v - a potion of heal wounds {unknown}
 w - a potion of magic {unknown}
Comestibles
 f - 7 rations


   Skills:
 + Level 2.6 Fighting
 + Level 5.4 Short Blades
 + Level 3.7 Armour
 + Level 3.8 Dodging
 + Level 2.3 Stealth
 + Level 3.8 Evocations


You had 7 spell levels left.
You didn't know any spells.
Your spell library was empty.

Dungeon Overview and Level Annotations

Branches:
Dungeon (8/15)             Temple (0/1) D:4
   Lair: D:8-11

Altars:
Cheibriados
Dithmenos
Elyvilon
Trog
The Shining One

Annotations:
D:2 1 runed translucent door, exclusion: phantom, Crazy Yiuf
D:3 exclusion: downstairs
D:8 Erica, Prince Ribbit


Message History

Anything else - Cancel.
Guard this area!
Your orc wizard gestures at the orc wizard while chanting.
The magic dart hits the orc wizard.
Your adder closely misses the orc wizard.
The orc wizard gestures at you while chanting.
The magic dart hits your adder.
The orc wizard mumbles some strange words.
The orc wizard blinks!
Your orc wizard hits the orc wizard but does no damage.
The orc wizard casts a spell.
The orc wizard seems to speed up.
Your orc wizard casts a spell at the orc wizard.
The magic dart hits the orc wizard!
The orc wizard dies!
The orc wizard casts a cantrip, but nothing happens.
Your adder closely misses the orc wizard.
The orc wizard gestures at you while chanting.
The magic dart hits you.
You die...

#.... #.....+ #....
####.....# +....
.........# #....
.........# #....
.........# ....#....
.........# #.....#....
......?..+ #.....#....
.......@.##+##.....#....
+####+##.....?.....+....
#...........#....
#...........#....
#.(.........#....
#..o..o.....#....
#...).S.....#....
#......o....+....
###+###.....#....


You could see 2 orc wizards, a friendly orc wizard (unaware) and a friendly
adder.

Vanquished Creatures
  Eustachio (D:4)
  An ice beast (D:5)
  A centaur (D:7)
  2 scorpions
  An orc priest (D:5)
  A hound (D:5)
  Terence (D:2)
  A bullfrog skeleton (D:5)
  An orc wizard (D:4)
  4 worker ants
  A hound zombie (D:4)
  3 gnolls (D:4)
  5 adders
  A howler monkey skeleton (D:4)
  A shadow imp (D:5)
  2 adder skeletons (D:4)
  2 worms
  2 dart slugs (D:3)
  A leopard gecko (D:5)
  4 orcs
  4 giant cockroaches
  8 goblins
  4 hobgoblins
  8 jackals
  9 kobolds
  A quokka (D:4)
  8 bats
  12 frilled lizards
  A leopard gecko skeleton (D:4)
  4 rats
95 creatures vanquished.

Vanquished Creatures (collateral kills)
  An orc wizard (D:7)
  An adder (D:8)
2 creatures vanquished.

Vanquished Creatures (others)
  An ogre (D:8)
  An orc wizard (D:7)
  A leopard gecko (D:8)
3 creatures vanquished.

Grand Total: 100 creatures vanquished

Notes
Turn   | Place    | Note
-------+----------+-------------------------------------------
     0 | D:1      | H0rd4k the Human Artificer began the quest for the Orb.
     0 | D:1      | Reached XP level 1. HP: 15/15 MP: 3/3
   221 | D:1      | Reached XP level 2. HP: 14/21 MP: 4/4
   523 | D:1      | Reached XP level 3. HP: 11/26 MP: 5/5
   864 | D:2      | Found a runed translucent door.
   865 | D:2      | Noticed Crazy Yiuf
   927 | D:2      | Noticed Terence
   931 | D:2      | Killed Terence
   931 | D:2      | Reached XP level 4. HP: 28/32 MP: 6/6
   946 | D:2      | Reached skill level 1 in Armour
  1190 | D:2      | Found a glowing golden altar of the Shining One.
  1302 | D:2      | Reached skill level 2 in Short Blades
  1620 | D:3      | Noticed a phantom
  1830 | D:3      | Reached XP level 5. HP: 17/37 MP: 7/7
  1980 | D:3      | Found a shadowy altar of Dithmenos.
  2451 | D:4      | Reached skill level 3 in Short Blades
  2755 | D:4      | Noticed Eustachio
  2775 | D:4      | Killed Eustachio
  2775 | D:4      | Reached XP level 6. HP: 40/44 MP: 8/8
  2994 | D:4      | Reached XP level 7. HP: 22/50 MP: 9/9
  3045 | D:4      | Found a staircase to the Ecumenical Temple.
  3151 | D:4      | Found a bloodstained altar of Trog.
  3223 | D:4      | Reached skill level 4 in Short Blades
  3345 | D:4      | Found a white marble altar of Elyvilon.
  3345 | D:4      | Found a snail-covered altar of Cheibriados.
  3462 | D:5      | Entered Level 5 of the Dungeon
  3614 | D:5      | Got a steaming golden amulet
  3618 | D:5      | Identified the amulet "Qur Moex" {Gourm rF+ rC+ rN+ Dex+4}
                  | (You found it on level 5 of the Dungeon)
  4149 | D:4      | Reached skill level 5 in Short Blades
  4405 | D:4      | Reached XP level 8. HP: 40/57 MP: 10/10
  4512 | D:5      | You fall into a shaft and drop 2 floors!
  4881 | D:8      | Noticed Prince Ribbit
  4889 | D:8      | Noticed Erica
  4981 | D:7      | HP: 1/57 [adder (4)]
  4990 | D:7      | Killed from afar by an orc wizard

Levels and vault maps discovered:
D:1:      scummos_arrival_checkerplants, layout_basic
D:2:      layout_basic, tso_oasis_becter, first_ration, uniq_terence,
          uniq_crazy_yiuf_cottage
D:3:      layout_loops_ring, overflow_temple_1_default
D:4:      layout_basic, old_standard_altar, gammafunk_temple_overflow_wave,
          temple_doors_ab, uniq_eustachio
D:5:      layout_basic
D:7:      layout_gridville
D:8:      layout_layer_cave, serial_shops, shop, uniq_erica, uniq_prince_ribbit1

Skill      XL: |  1  2  3  4  5  6  7 |
---------------+----------------------+-----
Armour         | 1 2 3 |  3.7
Short Blades   | 2 3 5 |  5.4
Dodging        | 3 |  3.8
Fighting       | 2 |  2.6
Stealth        | 2 |  2.3
Evocations     | |  3.8

Action                   |  1- 3 |  4- 6 |  7- 9 || total
-------------------------+-------+-------+-------++-------
Melee: Short sword       |    92 |   252 |   266 ||   610
Evoke: Wand              |     2 |     7 |    12 ||    21
  Use: Scroll            |       |       |     6 ||     6
       Potion            |       |       |     2 ||     2
 Stab: Sleeping          |     2 |       |       ||     2
       Paralysed         |       |     4 |       ||     4
  Eat: Chunk             |       |     6 |    14 ||    20
       Ration            |       |       |     1 ||     1
Armor: Leather armour    |    34 |     7 |       ||    41
       Scale mail        |       |   104 |    98 ||   202
Dodge: Dodged            |    87 |   132 |   127 ||   346
